 Dungeon Crawl Stone Soup version 0.22-a0-352-gc608dd7 (webtiles) character file.

2086 Amnesiac the Magician (level 8, -3/57 HPs)
             Began as a Demigod Conjurer on Apr 14, 2018.
             Slain by a centaur
             ... wielding a +0 rapier
              (16 damage)
             ... on level 7 of the Dungeon.
             The game lasted 00:11:06 (6677 turns).

Amnesiac the Magician (Demigod Conjurer)            Turns: 6677, Time: 00:11:07

Health: -3/57      AC:  3    Str:  8 (11) XL:     8   Next: 78%
Magic:  16/23      EV: 12    Int: 26 (27) God:
Gold:   242        SH:  5    Dex: 11 (13) Spells: 7/22 levels left

rFire    + + .     SeeInvis .   a - +4 hunting sling of Onedwug {venom, rPois rF++ Dex-3}
rCold    . . .     Gourm    .   p - +1 buckler
rNeg     . . .     Faith    .   g - +0 robe
rPois    +         Spirit   .   (no helmet)
rElec    .         Reflect  .   l - +0 cloak
rCorr    .         Harm     +   (no gloves)
MR       .....                  (no boots)
Stlth    ++........             E - amulet of harm
HPRegen  0.19/turn              C - +4 ring of intelligence
MPRegen  0.18/turn              (no ring)

@: no status effects
A: high mp 1
a: no special abilities


You were on level 7 of the Dungeon.
You were not hungry.

You visited 1 branch of the dungeon, and saw 7 of its levels.

You collected 438 gold pieces.
You spent 196 gold pieces at shops.

Inventory:

Hand Weapons
 a - the +4 hunting sling of Onedwug (weapon) {venom, rPois rF++ Dex-3}
   (You found it on level 4 of the Dungeon)

   It poisons the ammo it fires.
   It affects your dexterity (-3).
   It greatly protects you from fire.
   It protects you from poison.
 I - a +0 vampiric scimitar
Missiles
 d - 16 tomahawks
 k - 179 stones (quivered)
 m - 10 curare-tipped needles
 s - 19 poisoned needles
 v - 23 sling bullets
Armour
 g - a +0 robe (worn)
 l - a +0 cloak (worn)
 p - a +1 buckler (worn)
Jewellery
 C - a +4 ring of intelligence (left hand)
 E - an amulet of harm (around neck)
Wands
 f - a wand of disintegration (18)
 t - a wand of scattershot (4)
Scrolls
 h - 4 scrolls of teleportation {!r}
 i - 2 scrolls of fear {!r}
 j - 3 scrolls of remove curse {!r}
 n - 3 scrolls of blinking {!r}
 u - 3 scrolls of magic mapping {!r}
 y - 2 scrolls of amnesia {!r}
 G - a scroll of identify {!r}
Potions
 b - a potion of haste {!q}
 e - 2 potions of curing {!q}
 o - 3 potions of flight {!q}
 q - 4 potions of degeneration {!q}
 r - a potion of ambrosia {!q, unknown}
 w - 2 potions of might {!q}
 x - 2 potions of heal wounds {!q}
 z - 3 potions of brilliance {!q, unknown}
 A - a potion of agility {!q}
 B - a potion of cancellation {!q, unknown}
 F - 2 potions of invisibility {!q, unknown}
 H - a potion of mutation {!q}
Comestibles
 c - 10 rations
 D - 10 chunks of flesh


   Skills:
 - Level 1.7 Dodging
 - Level 1.7 Stealth
 - Level 4.0 Shields
 * Level 7.7 Spellcasting
 + Level 6.8 Conjurations


You had 7 spell levels left.
You knew the following spells:

 Your Spells              Type           Power        Failure   Level  Hunger
a - Magic Dart            Conj           ####         1%          1    None
b - Force Lance           Conj/Tloc      ####....     14%         4    ##.....
c - Fulminant Prism       Conj/Hex       ####......   14%         4    ##.....
d - Iskenderun's Mystic   Conj           #####...     3%          4    ##.....
e - Searing Ray           Conj           #####.       1%          2    None


Dungeon Overview and Level Annotations

Branches:
Dungeon (7/15)
 Temple: D:4-7

Shops:
D:5 ?

Annotations:
D:3 Edmund


Innate Abilities, Weirdness & Mutations

You have an increased reservoir of magic. (+10% MP)


Message History

Aim: an orc wizard, wielding a dagger of pain and wearing a robe (heavily wounded, poisoned, unusually agile)
You shoot a stone. The stone hits the orc wizard!
You kill the orc wizard!
No target in view!
No target in view!
No target in view!
k - 162 stones (gained 1)
Things that are here:
a morningstar; a scale mail
A - a potion of agility {!q} You now have 242 gold pieces (gained 13).
k - 164 stones (gained 2)
There is an open door, spattered with blood here.
Items here: )) [ † a dagger of pain; a robe; a flail; an orc corpse You butcher the orc corpse.
D - 4 chunks of flesh
There is an open door, spattered with blood here.
Things that are here:
a dagger of pain; a robe; a flail
There is an open door, spattered with blood here.
Things that are here:
a dagger of pain; a robe; a flail
k - 166 stones (gained 2)
k - 167 stones (gained 1)
k - 170 stones (gained 3)
You see here a dagger of venom.
k - 171 stones (gained 1);
G - a scroll of identify {!r} You butcher the orc corpse.
D - 8 chunks of flesh (gained 4)
Things that are here:
a dagger; a robe; an orc skeleton
Things that are here:
a dagger; a robe; an orc skeleton
k - 172 stones (gained 1)
k - 173 stones (gained 1)
You butcher the leopard gecko corpse.
D - 10 chunks of flesh (gained 2)
Your extra speed is starting to run out.
k - 175 stones (gained 2)
k - 176 stones (gained 1) Magic restored.
k - 179 stones (gained 3)
A centaur comes into view. It is wielding a rapier.
The centaur shouts!
The centaur unwields an uncursed rapier.
The centaur wields a shortbow.
The centaur shoots an arrow.
The arrow hits you!
* * * LOW HITPOINT WARNING * * *
You see here an arrow.
You feel yourself slow down.
The centaur shoots an arrow.
The arrow hits you!
* * * LOW HITPOINT WARNING * * *
You see here an arrow.
You see here an arrow.
The centaur unwields an uncursed shortbow.
The centaur wields an uncursed rapier.
The centaur closely misses you.
Casting: Iskenderun's Mystic Blast (safe; 3% risk of failure)
Confirm with . or Enter, or press ? or * to list all spells.
Aiming: Iskenderun's Mystic Blast (safe; 3% risk of failure)
Press: ? - help, Shift-Dir - straight line, f - centaur
Aim: a centaur, wielding a rapier The orb of energy misses the centaur.
The orb of energy explodes!
The centaur hits you with an uncursed rapier!
You die...

#.#...##..##..# #....# #.##
#.#.#.#######(####)...########...
............(....'....'.........)
###.........#.##.#....########...
####.####)#.##.#....# #... #.#
#.#.##.#....# #... #..
#.#.##.#....# #... ##.#
#....c.'....# #... #.#
#...##@#....# #.##
###..##.c.##.#....# #.#
..........##.# # #.##
####..##.c##.# #... #.... .......
#### ...## .#......# .. .#...#..#
. # ###.#..# #.#..#


You could see a centaur.

Vanquished Creatures
  Eustachio (D:6)
  A phantom (D:7)
  An ice beast (D:6)
  4 ogres
  2 centaurs
  3 bullfrogs
  2 scorpions (D:4)
  5 wights (D:6)
  A bullfrog zombie (D:6)
  3 hounds
  5 orc priests
  4 orc wizards
  2 iguanas
  3 worker ants
  12 adders
  2 shadow imps (D:6)
  2 oozes
  An adder skeleton (D:5)
  An adder zombie (D:7)
  3 worms
  2 dart slugs (D:1)
  6 leopard geckos
  16 orcs
  A ball python (D:2)
  15 bats
  6 giant cockroaches
  8 hobgoblins
  3 jackals (D:1)
  6 quokkas
  9 frilled lizards
  12 goblins
  5 kobolds
  13 rats
160 creatures vanquished.

Vanquished Creatures (others)
  A fungus (D:4)
1 creature vanquished.

Grand Total: 161 creatures vanquished

Notes
Turn   | Place    | Note
-------+----------+-------------------------------------------
     0 | D:1      | Amnesiac the Demigod Conjurer began the quest for the Orb.
     0 | D:1      | Reached XP level 1. HP: 14/14 MP: 5/5
    77 | D:1      | Reached skill level 2 in Spellcasting
   348 | D:1      | Reached XP level 2. HP: 20/20 MP: 3/7
   352 | D:1      | Learned a level 2 spell: Searing Ray
   917 | D:1      | Reached XP level 3. HP: 26/26 MP: 0/9
  1453 | D:2      | Reached skill level 3 in Spellcasting
  1606 | D:2      | Found a glowing silver altar of Zin.
  1606 | D:2      | Found a shimmering altar of Xom.
  1606 | D:2      | Noticed an angel
  1659 | D:2      | Found a white marble altar of Elyvilon.
  1686 | D:2      | Found a burning altar of Makhleb.
  1788 | D:2      | Reached XP level 4. HP: 19/33 MP: 2/11
  2028 | D:2      | Learned a level 4 spell: Iskenderun's Mystic Blast
  2563 | D:3      | Reached XP level 5. HP: 38/38 MP: 7/13
  2794 | D:3      | Reached skill level 4 in Spellcasting
  3473 | D:4      | Noticed Edmund
  3725 | D:4      | Learned a level 4 spell: Force Lance
  3744 | D:4      | Reached skill level 1 in Shields
  3765 | D:4      | Found an opulent altar of Gozag.
  3856 | D:4      | Found a snail-covered altar of Cheibriados.
  4334 | D:4      | Reached XP level 6. HP: 44/45 MP: 4/15
  4509 | D:4      | Got an ancient hunting sling
  4510 | D:4      | Identified the +4 hunting sling of Onedwug {venom, rPois rF++ Dex-3} (You found it on level 4 of the Dungeon)
  4542 | D:5      | Entered Level 5 of the Dungeon
  4594 | D:5      | Reached skill level 5 in Conjurations
  4655 | D:5      | Found a deep blue altar of Sif Muna.
  4686 | D:5      | Found Kunad's Magic Scroll Shop.
  4694 | D:5      | Bought a scroll of magic mapping for 38 gold pieces
  4694 | D:5      | Bought a scroll of amnesia for 38 gold pieces
  4694 | D:5      | Bought a scroll of blinking for 82 gold pieces
  4694 | D:5      | Bought a scroll of fear for 38 gold pieces
  5029 | D:6      | Reached skill level 5 in Spellcasting
  5229 | D:6      | Reached XP level 7. HP: 46/50 MP: 14/18
  5280 | D:6      | Found a bloodstained altar of Trog.
  5299 | D:6      | Found a shadowy altar of Dithmenos.
  5524 | D:6      | Reached skill level 6 in Spellcasting
  5633 | D:6      | Noticed Eustachio
  5649 | D:6      | Killed Eustachio
  5649 | D:6      | Reached XP level 8. HP: 43/57 MP: 9/21
  6091 | D:6      | Found an iron altar of Okawaru.
  6147 | D:6      | Learned a level 4 spell: Fulminant Prism
  6153 | D:7      | Found a corrupted altar of Lugonu.
  6245 | D:7      | Reached skill level 7 in Spellcasting
  6611 | D:7      | HP: 2/57 [orc/tomahawk of dispersal (3)]
  6617 | D:7      | Found an ancient bone altar of Kikubaaqudgha.
  6619 | D:7      | Found a bloodstained altar of Trog.
  6677 | D:7      | Slain by a centaur

Vault maps used:
D:1:      minmay_arrival_cross, minmay_misc_feat_alley, minmay_surrounded
D:2:      grunt_temple_overflow_order_and_chaos_1, bloody_makhleb,
          elyvilon_altar_4
D:4:      old_forge, cheibriados_altar_1, first_ration, grunt_gozag_breadcrumbs,
          uniq_edmund
D:5:      basic_altar, serial_shops, shop
D:6:      nicolae_dithmenos_through_a_glass_darkly, kennysheep_okawaru_gauntlet,
          trog_book, uniq_eustachio
D:7:      gammafunk_corrupted_shrine, nicolae_overflow_hidden_temple,
          gammafunk_temple_overflow_pools, overflow_temple_1_default,
          temple_fountains

Skill      XL: |  1  2  3  4  5  6  7  8 |
---------------+-------------------------+-----
Spellcasting   | 2 3 4 5 6 7 |  7.7
Conjurations   | 4 5 6 |  6.8
Shields        | 1 2 3 4 |  4.0
Dodging        | |  1.7
Stealth        | |  1.7

Action                   |  1- 3 |  4- 6 |  7- 9 || total
-------------------------+-------+-------+-------++-------
Melee: Unarmed           |       |     1 |       ||     1
 Fire: Hunting sling     |       |    25 |   133 ||   158
 Cast: Magic Dart        |   102 |   108 |       ||   210
       Searing Ray       |       |    18 |     9 ||    27
       Iskenderun's Myst |       |     3 |    13 ||    16
  Use: Scroll            |       |     7 |     3 ||    10
       Potion            |       |       |     5 ||     5
  Eat: Chunk             |     3 |    10 |     6 ||    19
Armor: Robe              |       |     4 |    13 ||    17
Dodge: Dodged            |    15 |    35 |    32 ||    82
Block: Buckler           |       |     8 |    13 ||    21

Table legend:
 A = Spawn XP
 B = Non-spawn XP
 C = Spawn XP percentage of total XP
 D = Spawn monster count
 E = Non-spawn monster count
 F = Spawn count percentage of total count
 G = Total turns spent on level
                    A         B        C        D         E        F      G
               +---------+---------+-------+---------+---------+-------+---------
         Total |       0 |    2981 |   0.0 |       0 |     160 |   0.0 |  6677
               +---------+---------+-------+---------+---------+-------+---------
           D:1 |       0 |      66 |   0.0 |       0 |      37 |   0.0 |  1549
           D:2 |       0 |     118 |   0.0 |       0 |      18 |   0.0 |   792
           D:3 |       0 |      98 |   0.0 |       0 |      32 |   0.0 |  1087
           D:4 |       0 |     260 |   0.0 |       0 |      15 |   0.0 |  1114
           D:5 |       0 |     172 |   0.0 |       0 |       4 |   0.0 |   476
           D:6 |       0 |    1315 |   0.0 |       0 |      34 |   0.0 |  1130
           D:7 |       0 |     952 |   0.0 |       0 |      20 |   0.0 |   529
               +---------+---------+-------+---------+---------+-------+---------
